 Dungeon Crawl Stone Soup version 0.17-a0-802-g1f09329 (webtiles) character file.

76 Mygna the Slasher (level 4, -2/35 HPs)
             Began as a Formicid Fighter on Apr 26, 2015.
             Slain by a gnoll
             ... wielding a +0 club
              (6 damage)
             ... on level 2 of the Dungeon.
             The game lasted 00:02:16 (838 turns).

Mygna the Slasher (Formicid Fighter)                 Turns: 838, Time: 00:02:16

Health: -2/35      AC:  6    Str: 25    XL:     4   Next: 57%
Magic:  4/4        EV:  8    Int:  9    God:
Gold:   79         SH:  9    Dex: 10    Spells: 0 memorised, 3 levels left

rFire  . . .     SeeInvis +     a - +0 long sword
rCold  . . .     Clarity  .     b - +0 scale mail
rNeg   . . .     SustAb   .     c - +0 shield
rPois  .         Gourm    .     (helmet unavailable)
rElec  .         Spirit   .     (no cloak)
rCorr  .         Warding  .     (no gloves)
rMut   .         Stasis   +     (no boots)
MR     .....                    (no amulet)
Stlth  ..........               (no ring)
                                (no ring)

@: mighty, not resistant to hostile enchantments, extremely unstealthy
A: permanent stasis, dig shafts and tunnels, four strong arms, antennae 3
a: Dig, Shaft Self


You were on level 2 of the Dungeon.
You were not hungry.

You visited 1 branch of the dungeon, and saw 2 of its levels.

You collected 79 gold pieces.

Inventory:

Hand weapons
 a - a +0 long sword (weapon)
Missiles
 j - 14 poisoned needles
Armour
 b - a +0 scale mail (worn)
 c - a +0 shield (worn)
Magical devices
 o - a wand of magic darts (31)
Scrolls
 f - a scroll of random uselessness {unknown}
 h - a scroll of identify {unknown}
 i - 2 scrolls of remove curse {unknown}
 k - a scroll of teleportation {unknown}
 l - 2 scrolls of magic mapping {unknown}
Potions
 p - a potion of invisibility {unknown}
Comestibles
 e - a bread ration
 g - 3 fruits
 m - a beef jerky
 n - 2 chunks of flesh


   Skills:
 - Level 3.2 Fighting
 + Level 4.4 Long Blades
 - Level 3.2 Armour
 - Level 3.6 Shields


You had 3 spell levels left.
You didn't know any spells.

Dungeon Overview and Level Annotations

Branches:
Dungeon (2/15)

Altars:
Nemelex Xobeh


Innate Abilities, Weirdness & Mutations

You are under a permanent stasis effect.
You can dig through walls and to a lower floor.
Your four strong arms can wield two-handed weapons with a shield.
You have a pair of large antennae on your head (SInv).


Message History

The gnoll hits you with a spear.
* * * LOW HITPOINT WARNING * * *
You barely miss the gnoll.
The gnoll is heavily wounded.
The gnoll barely misses you. The gnoll hits you with a spear.
* * * LOW HITPOINT WARNING * * *
You closely miss the gnoll.
The gnoll is heavily wounded.
The gnoll hits you with a spear.
* * * LOW HITPOINT WARNING * * *
You hit the gnoll.
The gnoll is severely wounded.
The gnoll barely misses you.
You slash the gnoll!
You kill the gnoll!
You barely miss the gnoll. The gnoll hits you but does no damage.
You hit the gnoll.
The gnoll is moderately wounded.
The gnoll hits you with a club.
You die...

. ..%# ##### . ...## #...#
#. #...# #...# ..#.## #...#
#...# #.._..##...# #...# .#
#.#.#..#...# #...#####.#
##......#.r.# ###.........#
............#
#@###.#...####
........gg.## ##g##.#...#..
...####.{..#
##.###.#..##.## #.{..#
#.........#...# #.{†.#
#.......#.#...#
#..{.###.......#.#..†#
#...l{.g..{....#.#<).#
......####...##.....#.#...#
..... #...##...###...###


You could see a gnoll.

Vanquished Creatures
  3 gnolls (D:2)
  An adder (D:2)
  An ooze (D:1)
  4 giant geckos
  3 giant cockroaches (D:1)
  4 goblins
  2 hobgoblins (D:1)
  3 jackals (D:1)
  A ball python (D:2)
  4 bats
  3 giant newts (D:1)
  A kobold (D:1)
  3 rats (D:1)
33 creatures vanquished.

Notes
Turn   | Place    | Note
--------------------------------------------------------------
     0 | D:1      | Mygna, the Formicid Fighter, began the quest for the Orb.
     0 | D:1      | Reached XP level 1. HP: 18/18 MP: 1/1
   277 | D:1      | Reached XP level 2. HP: 24/24 MP: 2/2
   399 | D:1      | Reached XP level 3. HP: 26/29 MP: 3/3
   797 | D:2      | Found a sparkling altar of Nemelex Xobeh.
   826 | D:2      | Reached skill level 4 in Long Blades
   826 | D:2      | Reached XP level 4. HP: 13/35 MP: 4/4
   838 | D:2      | Slain by a gnoll

Action                   |  1- 3 |  4- 6 || total
-------------------------+-------+-------++-------
Melee: Long sword        |   129 |    12 ||   141
 Abil: Dig               |     2 |       ||     2
  Use: Potion            |     1 |       ||     1
